 Dungeon Crawl Stone Soup version 0.25-a0-949-gdd2af9e06e (webtiles) character file.

Game seed: 8982485264918854550, levelgen mode: deterministic

43 MisterFreud the Skirmisher (level 3, -3/27 HPs)
             Began as an Octopode Gladiator on May 8, 2020.
             Slain by a kobold
             ... wielding a +0 short sword
              (4 damage)
             ... on level 2 of the Dungeon.
             The game lasted 00:01:04 (1179 turns).

MisterFreud the Skirmisher (Octopode Gladiator)     Turns: 1179, Time: 00:01:05

Health: -3/27      AC:  1    Str: 13    XL:     3   Next: 58%
Magic:  3/3        EV: 14    Int: 11    God:
Gold:   27         SH:  0    Dex: 13    Spells: 2/2 levels left

rFire    . . .     SeeInvis .   a - +0 long sword
rCold    . . .     Gourm    .   (no shield)
rNeg     . . .     Faith    .   b - +0 hat
rPois    .         Spirit   .   (no amulet)
rElec    .         Reflect  .   (no ring)
rCorr    .         Harm     .   (no ring)
MR       .....                  (no ring)
Stlth    ++........             (no ring)
HPRegen  0.09/turn              (no ring)
MPRegen  0.08/turn              (no ring)
                                (no ring)
                                (no ring)

@: no status effects
A: almost no armour, stealthy swim, amphibious, 8 rings, constrict 8, camouflage
1, gelatinous body 1
a: no special abilities


You were on level 2 of the Dungeon.
You were not hungry.

You visited 1 branch of the dungeon, and saw 2 of its levels.

You collected 27 gold pieces.

Inventory:

Hand Weapons
 a - a +0 long sword (weapon)
Missiles
 c - 3 throwing nets (quivered)
Armour
 b - a +0 hat (worn)
Scrolls
 e - a scroll of fear {unknown}
 f - 2 scrolls of remove curse {unknown}
 h - a scroll of fog {unknown}
 j - 2 scrolls of amnesia {unknown}
 l - a scroll of teleportation {unknown}
Potions
 g - a potion of might {unknown}
 i - a potion of haste {unknown}
 k - 2 potions of degeneration {unknown}
 m - a potion of resistance {unknown}
Comestibles
 d - 3 rations


   Skills:
 * Level 3.8 Fighting
 - Level 3.0 Long Blades
 - Level 2.0 Throwing
 - Level 3.0 Dodging


You had 2 spell levels left.
You didn't know any spells.
Your spell library was empty.

Dungeon Overview and Level Annotations

Branches:
Dungeon (2/15)

Altars:


Innate Abilities, Weirdness & Mutations

You cannot wear most types of armour.
You are very stealthy in the water. (Stealth+)
You are amphibious.
You can wear up to eight rings at the same time.
You can use your tentacles to constrict eight enemies at once.
Your skin changes colour to match your surroundings (Stealth+).
Your rubbery body absorbs attacks. (AC +1, EV +1)


Message History

You are too injured to fight recklessly!
The kobold shouts!
All of the chunks of flesh in your inventory have rotted away.
The bat hits you but does no damage.
The hobgoblin shouts!
You slash the bat!
You kill the bat!
The kobold throws a stone.
The stone closely misses you.
The hobgoblin throws a silver javelin.
The silver javelin barely misses you.
The kobold throws a stone.
The stone hits you.
* * * LOW HITPOINT WARNING * * *
Things that are here:
a stone; a silver javelin The kobold hits you but does no damage.
You hit the kobold but do no damage. Your grab misses the kobold.
Your squeeze misses the kobold.
The hobgoblin throws a silver javelin.
The silver javelin pierces through you.
* * * LOW HITPOINT WARNING * * *
x2 The kobold hits you with a +0 short sword.
You die...

####.#### #.#
#######.#########
........)........
...####)########.
#...........
#.......#### .##
###.$(....####.....
....[..(.†..(@K......
########!.).####.##.#
#.......#
.............
###g.......###
....#!#..#.#
#.#..#.#.#.#.#
#.#....#.##.#.# #. ##
.# #.#)


You could see a hobgoblin and a kobold.

Vanquished Creatures
  A worm (D:2)
  3 dart slugs
  2 leopard geckos
  3 giant cockroaches (D:1)
  A goblin (D:1)
  5 hobgoblins
  5 jackals (D:1)
  A ball python (D:2)
  3 bats
  A frilled lizard (D:1)
  A kobold (D:2)
  4 rats (D:1)
30 creatures vanquished.

Notes
Turn   | Place    | Note
-------+----------+-------------------------------------------
     0 | D:1      | MisterFreud the Octopode Gladiator began the quest for the
                  | Orb.
     0 | D:1      | Reached XP level 1. HP: 14/14 MP: 1/1
   230 | D:1      | Reached XP level 2. HP: 15/20 MP: 2/2
   747 | D:1      | Reached XP level 3. HP: 26/26 MP: 3/3
  1179 | D:2      | HP: 1/27 [hobgoblin/silver javelin (2)]
  1179 | D:2      | Slain by a kobold

Levels and vault maps discovered:
D:1:      roderic_octagonal_star, layout_basic, st_stairs_13,
          hangedman_glass_teeth, minmay_misc_feat_enclosed, minmay_tetromino_l4
D:2:      layout_basic, chequers_ecumenical_altar_simple, minmay_circle_x

Skill      XL: |  1  2 |
---------------+-------+-----
Fighting       | 3 |  3.8
Long Blades    | |  3.0
Throwing       | |  2.0
Dodging        | |  3.0

Action                   || total
-------------------------++-------
Melee: Long sword        ||    50
       Constrict         ||    17
       Tentacles         ||    14
 Stab: Sleeping          ||     6
  Eat: Chunk             ||     1
Armor: Skin              ||     4
Dodge: Dodged            ||    32
       Rpst.: Long sword ||    10

Table legend:
 A = Non-vault XP
 B = Vault XP
 C = Vault XP percentage of total XP
 D = Non-vault monster count
 E = Vault monster count
 F = Vault count percentage of total count
                 A         B        C        D         E       F
            +---------+---------+-------+---------+---------+-------
      Total |      49 |      13 |  21.0 |      21 |       9 |  30.0
            +---------+---------+-------+---------+---------+-------
        D:1 |      35 |       7 |  16.7 |      17 |       5 |  22.7
        D:2 |      14 |       6 |  30.0 |       4 |       4 |  50.0
            +---------+---------+-------+---------+---------+-------
